Map: Symulakrum ER

Players

alive - Winner!

  • Race: Protoss Protoss
  • League: Platinum
  • Spawn Location: 5:00

kers

  • Race: Protoss Protoss
  • League: Platinum
  • Spawn Location: 11:00

VOD

Have the link to the VOD?

Description

Time

  • Played on: March 2, 2020, 1:14 p.m.
  • Length: 9:58
Show
View Real Time Build Order
Export as new Build Order

alive Protoss - Winner!

Build Orders:  

Get SALT Encoding   

  12  0:01  Probe  
  13  0:13  Probe  
  14  0:19  Pylon  
  14  0:25  Probe  
  15  0:37  Probe  
  15  0:40  Gateway  
  16  0:49  Probe  
  17  0:59  Gateway  
  17  1:05  Probe (Chrono Boost)  
  17  1:09  Assimilator  
  18  1:15  Probe (Chrono Boost)  
  19  1:20  Probe (Chrono Boost)  
  20  1:31  Probe  
  21  1:33  Cybernetics Core  
  21  1:35  Assimilator  
  21  1:43  Probe  
  22  1:55  Probe, Gateway  
  23  2:05  Assimilator  
  23  2:09  Warp Gate (Chrono Boost)  
  23  2:14  Pylon  
  23  2:32  Probe  
  23  2:35  Nexus  
  24  2:44  Pylon  
  24  2:51  Probe  
  25  3:03  Probe  
  26  3:14  Stalker x2  
  26  3:15  Probe  
  26  3:16  Stalker  
  33  3:32  Probe  
  34  3:42  Robotics Facility  
  34  3:44  Probe  
  35  3:51  Probe  
  36  3:57  Probe  
  36  3:59  Stalker x2  
  41  4:03  Probe, Stalker  
  44  4:18  Probe x2  
  46  4:30  Probe x2  
  48  4:34  Stalker x3  
  54  4:40  Pylon  
  54  4:58  Probe  
  47  5:23  Stalker x3  
  47  5:26  Probe x2  
  55  5:32  Immortal (Chrono Boost)  
  59  5:38  Probe x2  
  59  6:26  Immortal  
  59  7:05  Immortal  
  53  7:30  Gateway  
  53  7:32  Gateway, Assimilator  
  53  7:33  Gateway  
  53  7:34  Assimilator  
  53  7:48  Pylon  
  53  7:50  Pylon, Immortal, Twilight Council  
  57  7:53  Pylon  
  57  7:55  Pylon  
  57  7:56  Stalker x2  
  61  8:03  Probe  
  62  8:06  Probe  
  63  8:15  Probe  
  63  8:18  Probe  
  65  8:21  Stalker x3  
  71  8:27  Probe, Stalker x2  
  71  8:28  Stalker  
  71  8:30  Probe  
  79  8:37  Pylon  
  79  8:39  Pylon, Warp Prism  
  81  8:42  Pylon  
  81  8:43  Probe x2  
  81  8:48  Stalker x3  
  85  8:55  Probe  
  90  8:56  Pylon  
  90  9:16  Gateway  
Show
View Real Time Build Order
Export as new Build Order

kers Protoss 

Build Orders: 1 Gate Expand 

Get SALT Encoding   

  12  0:00  Probe  
  13  0:13  Probe  
  14  0:21  Pylon  
  14  0:25  Probe  
  15  0:40  Probe  
  15  0:42  Gateway  
  16  0:52  Probe, Assimilator  
  17  1:04  Probe  
  18  1:16  Probe  
  19  1:28  Probe  
  20  1:33  Nexus  
  20  1:40  Probe  
  20  1:46  Zealot  
  23  1:59  Pylon  
  23  2:06  Cybernetics Core  
  23  2:17  Probe  
  24  2:25  Gateway  
  24  2:29  Probe  
  25  2:30  Zealot (Chrono Boost)  
  27  2:41  Warp Gate (Chrono Boost), Probe  
  28  2:53  Probe  
  29  3:05  Robotics Facility  
  29  3:06  Probe  
  30  3:18  Probe  
  31  3:30  Probe, Gateway  
  31  3:33  Stalker  
  34  3:35  Stalker  
  36  3:42  Probe  
  37  3:49  Assimilator  
  37  3:54  Probe, Observer  
  39  4:01  Pylon  
  39  4:07  Probe (Chrono Boost)  
  41  4:11  Probe (Chrono Boost)  
  41  4:16  Probe (Chrono Boost)  
  42  4:20  Probe (Chrono Boost)  
  43  4:27  Probe  
  43  4:30  Probe  
  45  4:33  Assimilator  
  45  4:35  Assimilator  
  45  4:39  Probe  
  45  4:42  Probe  
  47  4:47  Gateway  
  47  4:49  Gateway  
  47  4:50  Twilight Council  
  47  4:51  Probe  
  43  4:53  Stalker x3  
  43  4:54  Probe  
  48  5:05  Probe  
  48  5:07  Probe  
  46  5:17  Probe  
  46  5:19  Probe  
  48  5:22  Stalker x3  
  54  5:29  Pylon  
  54  5:31  Charge, Pylon  
  54  5:33  Pylon  
  54  5:47  Probe x2  
  54  5:58  Immortal (Chrono Boost)  
  54  5:59  Probe x2  
  52  6:05  Stalker  
  52  6:06  Stalker x3  
  51  6:22  Stalker  
  45  6:35  Immortal (Chrono Boost)  
  45  6:39  Gateway  
  46  6:45  Gateway x2  
  44  6:47  Stalker x4  
  37  7:09  Stalker  
  37  7:10  Stalker x2  
  41  7:21  Probe (Chrono Boost)  
  43  7:26  Probe (Chrono Boost)  
  44  7:31  Probe (Chrono Boost)  
  44  7:36  Probe (Chrono Boost)  
  44  7:37  Pylon  
  45  7:40  Pylon  
  45  7:41  Probe (Chrono Boost)  
  45  7:44  Probe (Chrono Boost)  
  47  7:48  Probe x2 (Chrono Boost), Immortal  
  53  7:59  Probe x2  
  55  8:09  Zealot  
  55  8:11  Probe (Chrono Boost)  
  59  8:14  Probe (Chrono Boost)  
  59  8:23  Probe (Chrono Boost)  
  61  8:27  Probe (Chrono Boost)  
  61  8:28  Probe (Chrono Boost)  
  61  8:30  Immortal  
  66  8:34  Sentry  
  66  8:36  Probe (Chrono Boost)  
  66  8:38  Shield Battery  
  69  8:45  Probe (Chrono Boost)  
  69  8:46  Shield Battery  
  71  8:53  Probe (Chrono Boost)  
  71  8:55  Probe (Chrono Boost)  
  72  9:00  Probe x2 (Chrono Boost)  
  74  9:08  Templar Archives  
  74  9:11  Probe  
  74  9:12  Probe  
  74  9:13  Immortal  
  80  9:23  Probe  
  82  9:24  Probe  
  78  9:38  Stalker x5  
  60  9:47  Zealot x3  
Tags
 
Add a new tag
Caveats
  • Supply blocks, unpowered buildings, or Contaminate may cause inaccurate times.
  • Supply counts are checked every 10 seconds.